 Dungeon Crawl Stone Soup version 0.31-a0-7-g51783674b7 (webtiles) character file.

Game seed: 7957568020617335985

66331 qeuew the Warrior (level 14, 0/133 (144) HPs)
             Began as a Minotaur Fighter on May 5, 2023.
             Was an Initiate of Gozag.
             Slain by a merfolk impaler
             ... wielding a +0 trident of protection
              (6 damage)
             ... on level 1 of the Shoals.
             The game lasted 00:33:18 (18931 turns).

qeuew the Warrior (Minotaur Fighter)               Turns: 18931, Time: 00:33:19

HP:   0/133 (144)   AC: 14    Str: 34    XL:     14   Next: 78%
MP:   13/13         EV: 10    Int:  4    God:    Gozag
Gold: 3987          SH: 14    Dex: 17    Spells: 13/13 levels left

rFire   + + .        g - +16 obsidian axe {drain, demonic, Mesm Drain Fly SInv}
rCold   + . .        G - +1 buckler {rF+}
rNeg    . . .        b - +1 scale mail
rPois   .            (helmet restricted)
rElec   .            w - scarf {rC+ rF+}
rCorr   .            (no gloves)
SInv    +            e - +2 pair of boots
Will    +....        x - amulet of reflection Stlth
                     E - +6 ring of strength
HPRegen 0.42/turn    C - +6 ring of strength
MPRegen 0.13/turn

%: reflection, clarity
@: flying, mesmerised, drained
A: horns 2, retaliatory headbutt, agile 1, clarity, evolution 1
a: Renounce Religion, Potion Petition, Call Merchant, Bribe Branch


You were on level 1 of the Shoals.
You worshipped Gozag.
Gozag was most pleased with you.
You visited 5 branches of the dungeon, and saw 21 of its levels.

You collected 6121 gold pieces.
You spent 396 gold pieces at shops.
You paid 1738 gold pieces to Gozag.

Inventory:

Hand Weapons
 g - the +16 obsidian axe (weapon) {drain, demonic, Mesm Drain Fly SInv}
   (You acquired it on level 4 of the Dungeon)

   Mesm:      Its wielder is mesmerised by any visible foes, and it cannot be
   unequipped while any foes are visible.
   SInv:      It lets you see invisible.
   Fly:       It grants you flight.
   Drain:     It drains your maximum health when unequipped.
Missiles
 h - a throwing net
Armour
 b - a +1 scale mail (worn)
 e - a +2 pair of boots (worn)
 w - a scarf of resistance (worn)
 G - a +1 buckler of fire resistance (worn)
Jewellery
 x - an amulet of reflection (around neck)
 C - a +6 ring of strength (right hand)
 E - a +6 ring of strength (left hand)
 K - a ring of willpower
Wands
 c - a wand of paralysis (4)
 d - a wand of iceblast (39)
 j - a wand of mindburst (10)
 m - a wand of flame (31)
 t - a wand of digging (4)
 u - a wand of polymorph (11) (quivered)
 A - a wand of light (2)
Scrolls
 a - 2 scrolls of blinking
 k - 7 scrolls of enchant armour
 n - 5 scrolls of teleportation
 q - a scroll of enchant weapon
 r - 2 scrolls of summoning
 s - 7 scrolls of magic mapping
 y - a scroll of fog
 B - a scroll of fear
Potions
 f - 11 potions of curing
 i - 2 potions of heal wounds
 l - 3 potions of haste
 o - 5 potions of berserk rage
 p - 7 potions of might
 v - 3 potions of ambrosia
 z - a potion of mutation
 D - 2 potions of invisibility
 F - a potion of magic
 H - a potion of resistance
 I - a potion of cancellation
 J - a potion of flight


   Skills:
 + Level 18.9 Fighting
 + Level 14.7 Axes
 + Level 15.0 Armour
 + Level 15.0 Shields
 + Level 9.9 Evocations


You had 13 spell levels left.
You didn't know any spells.
Your spell library contained the following spells:

 Spells                   Type           Power      Damage    Failure   Level
 Apportation              Tloc           0%         N/A       67%         1
 Freeze                   Ice            0%         1d3       67%         1
 Kiss of Death            Conj/Necr      0%         2d5       67%         1
 Necrotise                Necr           0%         1d4       67%         1
 Sting                    Tmut/Pois      0%         1d3       67%         1
 Summon Small Mammal      Summ           0%         N/A       67%         1
 Ensorcelled Hibernation  Hex/Ice        0%         N/A       82%         2
 Passwall                 Tmut/Erth      0%         N/A       82%         2
 Poisonous Vapours        Pois/Air       0%         N/A       82%         2
 Sublimation of Blood     Necr           0%         N/A       82%         2
 Confusing Touch          Hex            0%         N/A       96%         3
 Dazzling Flash           Conj/Hex       0%         N/A       96%         3
 Frozen Ramparts          Ice            0%         1d1       96%         3
 Hailstorm                Conj/Ice       0%         3d3       96%         3
 Swiftness                Air            0%         N/A       96%         3
 Dispel Undead            Necr           0%         3d6       100%        4
 Olgreb's Toxic Radiance  Pois           0%         N/A       100%        4
 Petrify                  Tmut/Erth      0%         N/A       100%        4
 Agony                    Necr           0%         N/A       100%        5
 Alistair's Intoxication  Tmut/Pois      0%         N/A       100%        5
 Borgnjor's Vile Clutch   Necr/Erth      0%         N/A       100%        5
 Irradiate                Conj/Tmut      0%         3d11      100%        5
 Metabolic Englaciation   Hex/Ice        0%         N/A       100%        5
 Silence                  Hex/Air        0%         N/A       100%        5
 Summon Forest            Summ/Tloc      0%         N/A       100%        5
 Death Channel            Necr           0%         N/A       100%        6
 Eringya's Noxious Bog    Tmut/Pois      0%         N/A       100%        6
 Statue Form              Tmut/Erth      0%         N/A       100%        6
 Summon Hydra             Summ           0%         N/A       100%        7
 Animate Dead             Necr           Unusable   N/A       N/A         4

Dungeon Overview and Level Annotations

Branches:
Dungeon (12/15)            Temple (1/1) D:4            Lair (5/5) D:8
 Shoals (1/4) Lair:3        Snake (0/4) Lair:3        Slime (0/5) Lair:5
    Orc (2/2) D:9             Elf (0/3) Orc:2

Altars:
Ashenzari
Cheibriados
Dithmenos
Elyvilon
Fedhas
Gozag
Hepliaklqana
Kikubaaqudgha
Makhleb
Nemelex Xobeh
Okawaru
Qazlal
Trog
Vehumet
Wu Jian
Xom
Yredelemnul
Zin
The Shining One
Jiyva

Shops:
D:1 ?   D:2 ((!!   D:9 *   Orc:2 (*[:   Shoals:1 *

Annotations:
D:8 2 transporters
Shoals:1 1 transporter, Wosunt's ghost, adept GrWn


Innate Abilities, Weirdness & Mutations

You have a pair of horns on your head.
You reflexively headbutt those who attack you in melee.
You are agile. (Dex +4, Str/Int -1)
You possess an exceptional clarity of mind.
You have hidden genetic potential.


Message History

The merfolk shouts!
The merfolk throws a silver boomerang.
You block the silver boomerang with an invisible shield... and reflect it back!
The silver boomerang barely misses the merfolk.
The merfolk hits you from afar with a +0 halberd!!
The merfolk impaler hits you with a +0 trident of protection!!
You slash the merfolk! You drain the merfolk. You headbutt the merfolk!!
The merfolk is severely wounded.
You miss the merfolk impaler.
Visions of slaying the merfolk impaler flood into your mind.
You block the merfolk impaler's attack.
The merfolk hits you from afar with a +0 halberd!
The merfolk hits you with a +0 trident.
The merfolk hits you from afar with a +0 trident.
The merfolk impaler hits you with a +0 trident of protection!
You are too injured to fight recklessly!
You are too injured to fight recklessly!
Unknown command.
You are too injured to fight recklessly!
Unknown command.
You are too injured to fight recklessly!
Visions of slaying the merfolk flood into your mind.
You block the merfolk's attack.
The merfolk hits you but does no damage.
You block the merfolk impaler's attack. The merfolk hits you with a +0 trident!
* * * LOW HITPOINT WARNING * * *
Unknown command.
Unknown command.
You miss the merfolk impaler. You closely miss the merfolk.
You slice the merfolk!! You drain the merfolk. You slash the merfolk!
You drain the merfolk.
The merfolk impaler hits you with a +0 trident of protection.
* * * LOW HITPOINT WARNING * * *
You block the merfolk's attack.
The merfolk hits you with a +0 halberd!!
* * * LOW HITPOINT WARNING * * *
You block the merfolk's attack.
The merfolk impaler hits you with a +0 trident of protection.
You die...
Your body crumbles into a pile of gold.

≈≈~~.~~~~~~
≈≈~~~~~~~~~~~~~~~≈≈~~~..
≈≈≈≈≈~~~~~~~~~~~~≈≈~~~.#
≈≈≈≈~~~~~~~~≈~~~~≈≈~~~###
≈≈≈≈~~~~~~~~~~~~~≈≈≈~~~~m
≈≈≈≈≈~~~~~~~~~~~~≈≈~~~~~~
≈≈≈≈≈~~~~~~~~~~~≈≈≈~~~~~~
≈≈≈≈~~~~~.~~~~~~≈≈≈~~~...
≈≈≈≈~~~~..|~~~~~@m≈~~~.#
≈≈≈≈~~~~.##~P.~mmm≈~~..#
≈≈≈≈~~~~..#~P~~≈≈≈≈~P..#
≈≈≈≈~~~~....~~~P≈≈≈~~~...
≈≈≈≈≈~~~...~~~~~≈≈~~~~~~~
≈≈≈≈≈~~~~~~~~~~P~~~~~~~~~
≈≈≈≈~~~~~P~P~~~P~~~~~~~~~
≈≈≈≈~~~~~~~~~P~~~~P~~~~~~
≈≈≈≈≈~~~~~~~~~~≈~~~~~.~~~


You could see a merfolk impaler and 3 merfolk.

Vanquished Creatures
  Saint Roka (Orc:2)
  An orc warlord (Orc:2)
  A merfolk impaler (Shoals:1)
  2 hydras
  An alligator snapping turtle (Shoals:1)
  9 death yaks (Lair:5)
  4 two-headed ogres
  2 skysharks
  A sea snake (Shoals:1)
  6 fauns (Shoals:1)
  9 orc sorcerers
  2 manticores (Shoals:1)
  A cyclops (Orc:2)
  5 elephants
  A water nymph (Shoals:1)
  2 torpor snails (Lair:5)
  Maurice (D:11)
  A black mamba (Lair:2)
  An ice statue (D:10)
  Maggie (D:6)
  A merfolk siren (Shoals:1)
  11 cane toads
  Psyche (D:12)
  2 rime drakes
  4 komodo dragons
  A freezing wraith (D:9)
  A kobold demonologist (D:9)
  2 merfolk (Shoals:1)
  7 trolls
  3 polar bears
  2 wind drakes (Shoals:1)
  A hornet (D:8)
  5 blink frogs
  3 dream sheep (Lair:5)
  A shadow (D:11)
  A wyvern (D:10)
  29 yaks
  A vampire (D:12)
  A basilisk (Lair:2)
  A steam dragon (D:6)
  Edmund (D:6)
  7 wargs (Orc:2)
  2 nagas (Lair:3)
  18 water moccasins
  An acid dragon (D:12)
  25 orc warriors
  3 sky beasts
  5 black bears
  2 boggarts (D:12)
  2 ice beasts (D:7)
  An ogre (D:7)
  9 centaurs
  7 wolves
  3 phantoms
  Blork the orc (D:5)
  3 kobold brigands
  8 bullfrogs
  4 scorpions
  4 gnoll sergeants
  A ballistomycete (Lair:3)
  12 wights
  12 killer bees
  3 howler monkeys
  An electric eel (Lair:2)
  3 hounds
  An iron imp (D:11)
  15 orc priests
  A jelly (D:6)
  2 gnoll boudas
  3 sleepcaps
  2 iguanas
  48 orc wizards
  Natasha (twice) (D:2)
  Robin (D:2)
  18 gnolls
  10 adders
  A white imp (D:8)
  A worm (D:3)
  A dart slug (D:5)
  81 orcs
  4 ball pythons
  4 endoplasms
  2 giant cockroaches
  12 goblins
  8 hobgoblins
  5 quokkas
  A bat (D:2)
  2 frilled lizards
  16 kobolds
  5 rats
  2 tentacles (Shoals:1)
516 creatures vanquished.

Vanquished Creatures (collateral kills)
  Jorgrun (D:12)
  Kirke (D:12)
  A catoblepas (Lair:5)
  A boulder beetle (D:12)
  A two-headed ogre (D:11)
  A deep troll shaman (Lair:5)
  A death yak (Lair:5)
  A lindwurm (Lair:5)
  2 orc sorcerers
  2 cyclopes
  4 elephants
  A black mamba (Lair:4)
  4 cane toads
  A tengu conjurer (D:9)
  A dream sheep (Lair:5)
  3 blink frogs
  2 yaks (Lair:2)
  A hog (D:12)
  A vampire (D:11)
  A steam dragon (D:8)
  A basilisk (Lair:3)
  A naga (Lair:3)
  An acid dragon (D:11)
  A warg (Orc:2)
  2 water moccasins
  2 orc warriors
  2 wolves (Lair:5)
  2 boggarts (D:12)
  3 wights (D:9)
  A killer bee (D:9)
  2 orc priests
  4 orc wizards
  20 orcs
73 creatures vanquished.

Vanquished Creatures (others)
  An orc wizard (D:9)
  A quokka (D:2)
  4 ballistomycete spores (Lair:3)
  23 fungi
  52 plants
  3 tentacles (Shoals:1)
84 creatures vanquished.

Grand Total: 673 creatures vanquished

Notes
Turn   | Place    | Note
-------+----------+-------------------------------------------
     0 | D:1      | qeuew the Minotaur Fighter began the quest for the Orb.
     0 | D:1      | Reached XP level 1. HP: 19/19 MP: 0/0
   445 | D:1      | Reached XP level 2. HP: 27/27 MP: 1/1
   622 | D:1      | Found Pikos's Magic Scroll Emporium.
  1090 | D:2      | Reached skill level 4 in Fighting
  1143 | D:2      | Reached XP level 3. HP: 33/33 MP: 2/2
  1234 | D:2      | Found Abar's Distillery.
  1235 | D:2      | Found an ancient bone altar of Kikubaaqudgha.
  1236 | D:2      | Noticed Natasha
  1242 | D:2      | Killed Natasha
  1258 | D:2      | Bought a potion of degeneration for 14 gold pieces
  1332 | D:2      | Noticed Natasha
  1337 | D:2      | Killed Natasha
  1338 | D:2      | Reached XP level 4. HP: 30/41 MP: 3/3
  1388 | D:2      | Found Plog's Distillery.
  1479 | D:2      | Found Wauss's Weapon Boutique.
  1486 | D:2      | Found Evoigufy's Antique Weapon Emporium.
  1491 | D:2      | Noticed Robin
  1494 | D:2      | Killed Robin
  1611 | D:2      | Gained mutation: Your mind is acute. (Int +4, Str/Dex -1)
                  | [potion of mutation]
  1611 | D:2      | Gained mutation: Your body sometimes deteriorates upon
                  | taking damage. [potion of mutation]
  1611 | D:2      | Gained mutation: You have large cloven feet. [potion of
                  | mutation]
  1721 | D:3      | Reached XP level 5. HP: 47/47 MP: 4/4
  1730 | D:3      | Found an ornate altar of the Wu Jian Council.
  2001 | D:3      | Found a burning altar of Makhleb.
  2584 | D:4      | Reached skill level 5 in Fighting
  2596 | D:4      | Reached skill level 5 in Armour
  2596 | D:4      | Reached skill level 5 in Shields
  2606 | D:4      | Reached XP level 6. HP: 44/56 MP: 5/5
  2794 | D:4      | Found a stormy altar of Qazlal.
  2794 | D:4      | Noticed a sky beast
  2805 | D:4      | Killed a sky beast
  2806 | D:4      | Reached skill level 5 in Axes
  2806 | D:4      | Reached XP level 7. HP: 43/62 MP: 6/6
  2845 | D:4      | Found a staircase to the Ecumenical Temple.
  2856 | Temple   | Entered the Ecumenical Temple
  2909 | Temple   | Became a worshipper of Gozag Ym Sagoz the Greedy
  3240 | D:4      | Identified 3 scrolls of acquirement
  3240 | D:4      | Acquired a manual of Fighting
  3244 | D:4      | Acquired the +10 war axe of Omele {chaos, *Slow rPois rN+
                  | Stlth+}
  3247 | D:4      | Acquired the +16 obsidian axe {drain, demonic, Mesm Drain
                  | Fly SInv}
  3247 | D:4      | Found the +16 obsidian axe {drain, demonic, Mesm Drain Fly
                  | SInv}
  3270 | D:5      | Entered Level 5 of the Dungeon
  3288 | D:5      | Reached skill level 6 in Fighting
  3339 | D:5      | Noticed Blork the orc
  3341 | D:5      | Killed Blork the orc
  3486 | D:5      | Reached skill level 7 in Fighting
  3756 | D:5      | Reached XP level 8. HP: 73/73 MP: 7/7
  4057 | D:2      | Bought a potion of mutation for 112 gold pieces
  4057 | D:2      | Lost mutation: You have large cloven feet. [potion of
                  | mutation]
  4057 | D:2      | Lost mutation: Your body sometimes deteriorates upon taking
                  | damage. [potion of mutation]
  4057 | D:2      | Lost mutation: Your mind is acute. (Int +4, Str/Dex -1)
                  | [potion of mutation]
  4057 | D:2      | Gained mutation: You are frail. (-10% HP) [potion of
                  | mutation]
  4057 | D:2      | Gained mutation: You are somewhat resistant to further
                  | mutation. [potion of mutation]
  4058 | D:2      | Lost mutation: You are frail. (-10% HP) [potion of
                  | mutation]
  4058 | D:2      | Lost mutation: You are somewhat resistant to further
                  | mutation. [potion of mutation]
  4058 | D:2      | Gained mutation: You do not regenerate when monsters are
                  | visible. [potion of mutation]
  4058 | D:2      | Lost mutation: You do not regenerate when monsters are
                  | visible. [potion of mutation]
  4148 | D:6      | Noticed Maggie
  4153 | D:6      | Reached skill level 8 in Fighting
  4159 | D:6      | Killed Maggie
  4167 | D:6      | Reached skill level 9 in Fighting
  4281 | D:6      | Noticed Edmund
  4287 | D:6      | Killed Edmund
  4354 | D:6      | Reached XP level 9. HP: 79/84 MP: 8/8
  4377 | D:6      | Found a blossoming altar of Fedhas.
  4675 | D:6      | Reached skill level 10 in Fighting
  4935 | D:7      | Reached skill level 1 in Evocations
  4977 | D:7      | Found a shimmering altar of Xom.
  5236 | D:7      | Reached skill level 11 in Fighting
  5481 | D:7      | Reached XP level 10. HP: 85/96 MP: 9/9
  5860 | D:8      | Noticed a cyclops
  5862 | D:8      | Paralysed by a hornet for 2 turns
  5865 | D:8      | Killed a cyclops
  5866 | D:8      | Reached skill level 12 in Fighting
  6093 | D:8      | Found a transporter.
  6101 | D:8      | Found a transporter.
  6103 | D:8      | Found a transporter.
  6105 | D:8      | Found a transporter.
  6121 | D:8      | Found a staircase to the Lair.
  6366 | D:9      | Found a radiant altar of Vehumet.
  6402 | D:9      | Noticed a two-headed ogre
  6407 | D:9      | Killed a two-headed ogre
  6408 | D:9      | Reached skill level 10 in Shields
  6527 | D:9      | Noticed a two-headed ogre
  6532 | D:9      | Killed a two-headed ogre
  6533 | D:9      | Reached skill level 10 in Armour
  6537 | D:9      | Reached skill level 13 in Fighting
  6542 | D:9      | Found Riobb's General Store.
  6542 | D:9      | Found an iron altar of Okawaru.
  6543 | D:9      | Reached skill level 10 in Axes
  6832 | D:9      | Noticed a two-headed ogre
  6837 | D:9      | Killed a two-headed ogre
  6838 | D:9      | Reached XP level 11. HP: 94/107 MP: 10/10
  7189 | D:9      | Found a staircase to the Orcish Mines.
  7260 | D:9      | Reached skill level 5 in Evocations
  7400 | Lair:1   | Entered Level 1 of the Lair of Beasts
  7541 | Lair:1   | Reached skill level 14 in Fighting
  8563 | Lair:2   | Reached skill level 15 in Fighting
  8687 | Lair:2   | Reached XP level 12. HP: 119/119 MP: 11/11
  8728 | Lair:2   | Noticed a six-headed hydra
  8735 | Lair:2   | Killed a ten-headed hydra
  9832 | Lair:3   | Noticed a four-headed hydra
  9833 | Lair:3   | Found a staircase to the Snake Pit.
  9847 | Lair:3   | Killed a 13-headed hydra
 10399 | Lair:3   | Found a staircase to the Shoals.
 10511 | Lair:3   | Reached skill level 16 in Fighting
 11837 | Lair:5   | Entered Level 5 of the Lair of Beasts
 11945 | Lair:5   | Noticed a death yak
 11946 | Lair:5   | Noticed a death yak
 11946 | Lair:5   | Noticed a death yak
 11947 | Lair:5   | Noticed a death yak
 11947 | Lair:5   | Noticed a death yak
 11951 | Lair:5   | Killed a death yak
 11954 | Lair:5   | Killed a death yak
 11955 | Lair:5   | Reached XP level 13. HP: 124/130 MP: 12/12
 11957 | Lair:5   | Reached skill level 17 in Fighting
 12208 | Lair:5   | Found a staircase to the Slime Pits.
 12209 | Lair:5   | Found a viscous altar of Jiyva.
 12927 | Lair:5   | Identified the ring "Qimy" {EV+5 Stlth+}
 13063 | Lair:5   | Gained mutation: You possess an exceptional clarity of
                  | mind. [potion of mutation]
 13063 | Lair:5   | Gained mutation: You have hidden genetic potential. [potion
                  | of mutation]
 13241 | Orc:1    | Entered Level 1 of the Orcish Mines
 13461 | Orc:1    | Paralysed by an orc sorcerer for 5 turns
 13465 | Orc:1    | Reached skill level 18 in Fighting
 13476 | Orc:1    | Paralysed by an orc sorcerer for 4 turns
 13843 | Orc:2    | Entered Level 2 of the Orcish Mines
 13993 | Orc:2    | Found Utiusu Layg's Book Shop.
 13993 | Orc:2    | Found Xugaror's Antique Armour Emporium.
 14229 | Orc:2    | Bought a shiny buckler for 270 gold pieces
 14239 | Orc:2    | Found a staircase to the Elven Halls.
 14419 | Orc:2    | Noticed an orc warlord
 14427 | Orc:2    | Reached XP level 14. HP: 84/143 MP: 13/13
 14437 | Orc:2    | Killed an orc warlord
 14624 | Orc:2    | Noticed Saint Roka
 14650 | Orc:2    | Killed Saint Roka
 15114 | Orc:2    | Found Cetod's General Store.
 15114 | Orc:2    | Found Tisioq's Weapon Emporium.
 15386 | D:10     | Entered Level 10 of the Dungeon
 15965 | D:10     | Found a white marble altar of Elyvilon.
 16387 | D:11     | Found a snail-covered altar of Cheibriados.
 16559 | D:11     | Noticed Maurice
 16563 | D:11     | Killed Maurice
 16932 | D:12     | Noticed Psyche
 16935 | D:12     | Killed Psyche
 16968 | D:12     | Noticed Kirke
 16971 | D:12     | Noticed a sphinx
 16971 | D:12     | Noticed Jorgrun
 16974 | D:12     | Killed Kirke
 16976 | D:12     | Gained mutation: You are agile. (Dex +4, Str/Int -1)
                  | [hidden potential]
 16981 | D:12     | Killed Jorgrun
 17597 | Shoals:1 | Entered Level 1 of the Shoals
 17641 | Shoals:1 | Found Lodif's Gadget Gallery.
 17962 | Shoals:1 | Found a transporter.
 17966 | Shoals:1 | Found a transporter.
 17967 | Shoals:1 | Noticed Wosunt's ghost (adept GrWn)
 17998 | Shoals:1 | Identified the +0 buckler of Satisfaction {Harm}
 18406 | Shoals:1 | Reached skill level 15 in Armour
 18406 | Shoals:1 | Reached skill level 15 in Shields
 18931 | Shoals:1 | HP: 6/133 [merfolk/+0 halberd[a merfolk impaler] (22)]
 18931 | Shoals:1 | Slain by a merfolk impaler

Illustrated notes

Levels and vault maps discovered:
D:1:      lightli_arrival_noodles, layout_basic, serial_shops, shop
D:2:      minmay_general_purpose_star, layout_basic, serial_shops, shop,
          nicolae_shop_waterfront, nicolae_shop_crystal, shop, basic_altar,
          lemuel_flame_loot_1, uniq_natasha, uniq_robin
D:3:      minmay_wonky_spiral, layout_basic,
          mainiacjoe_overflow_six_doors_small, bloody_makhleb
D:4:      cheibrodos_thug_alley, layout_gridville,
          nicolae_qazlal_beasts_of_the_sky, minmay_temple_entry_stoned_glass
D:5:      layout_gridville, corexii_checkpoint_a,
          chequers_serial_rivers_small_3, uniq_blork_the_orc
D:6:      layout_basic, mainiacjoe_overflow_catwalk, uniq_edmund, uniq_maggie
D:7:      layout_basic, overflow_temple_1_default, st_stairs_5, minmay_between
D:8:      layout_rooms, lair_entry_dummy, nicolae_diode_intersection
D:9:      kennysheep_blocky_room, layout_cave_pools, okawaru_metal_pillars_1_2,
          lemuel_crystal_altar, david_orc_4, serial_shops, shop,
          minmay_statues_item
D:10:     lemuel_ice_statue, layout_basic, lemuel_crystal_altar,
          grunt_decor_arrowhead, wad_floor_pattern_1
D:11:     layout_roguey, slow_altar_1, uniq_maurice
D:12:     layout_big_octagon, drop_trap, uniq_psyche, uniq_jorgrun, uniq_kirke
Temple:   compressed_dpeg_circular_temple
Lair:1:   layout_concentric_octagons
Lair:2:   layout_loops_ring, serial_bayou_shore_a, serial_bayou_shore_b
Lair:3:   layout_cave_pods, minmay_shoals_entry_centaurs,
          minmay_snake_entry_guardpost_small
Lair:4:   layout_gridlike
Lair:5:   grunt_lair_end_beastmaster, layout_cellular_growth, slime_entry_1,
          minivault_24
Shoals:1: layout_shoals, ebering_ghost_davey_jones, nicolae_shop_gadgets
Orc:1:    layout_diamond_mine
Orc:2:    st_orc_town, layout_caves, basic_altar, nicolae_orc_sculptors_studio,
          uniq_saint_roka

Skill      XL: |  1  2  3  4  5  6  7  8  9 10 11 12 13 14 |
---------------+-------------------------------------------+-----
Fighting       | 4 5 7 9 11 13 15 16 18 | 18.9
Axes           | 3 4 5 6 7 8 10 11 12 13 14 | 14.7
Armour         | 4 5 6 7 9 10 11 12 14 15 | 15.0
Shields        | 4 5 6 7 9 10 11 12 14 15 | 15.0
Evocations     | 2 4 6 7 8 9 |  9.9

Action                     |  1- 3 |  4- 6 |  7- 9 | 10-12 | 13-15 || total
---------------------------+-------+-------+-------+-------+-------++-------
  Melee: War axe           |    36 |   115 |     9 |       |       ||   160
         Headbutt          |     2 |    12 |    29 |    34 |    74 ||   151
         Kick              |       |    18 |     8 |       |       ||    26
         Broad axe         |       |       |   136 |   253 |   363 ||   752
 Invoke: Potion Petition   |       |       |       |     2 |     1 ||     3
  Evoke: Wand              |       |       |       |     1 |       ||     1
    Use: Scroll            |     3 |     6 |     6 |     9 |     3 ||    27
         Potion            |     3 |     4 |     4 |       |     2 ||    13
   Stab: Distracted        |       |       |     2 |     2 |    10 ||    14
         Petrified         |       |       |       |       |     5 ||     5
 Armour: Scale mail        |    19 |    59 |    42 |    95 |    75 ||   290
         Skin              |       |       |       |    11 |       ||    11
  Dodge: Dodged            |    14 |    52 |    57 |    84 |    80 ||   287
  Block: Buckler           |     6 |    18 |    38 |   162 |   180 ||   404
         Reflection        |       |       |       |     3 |    16 ||    19

Table legend: (Time is in decaauts)
 A = Elapsed time spent in this place.
 B = Non-inter-level travel time spent in this place.
 C = Inter-level travel time spent in this place.
 D = Time resting spent in this place.
 E = Time spent auto-exploring this place.
 F = Levels seen in this place.
 G = Mean time per level.
                   A        B        C        D        E       F      G
               +--------+--------+--------+--------+--------+-----+--------+
         Total |  19063 |  17996 |   1067 |    208 |  15256 |  21 |  907.8 |
       Dungeon |   9812 |   9102 |    710 |    208 |   7454 |  12 |  817.7 |
        Temple |     63 |     54 |      9 |      0 |     40 |   1 |   63.0 |
          Lair |   5782 |   5532 |    250 |      0 |   4936 |   5 | 1156.4 |
        Shoals |   1327 |   1327 |      0 |      0 |   1171 |   1 | 1327.0 |
  Orcish Mines |   2077 |   1981 |     96 |      0 |   1655 |   2 | 1038.5 |
               +--------+--------+--------+--------+--------+-----+--------+

Top non-repeatable levels by time:
   Orc:2: 1407 daAuts
  Lair:3: 1377 daAuts
Shoals:1: 1327 daAuts
  Lair:5: 1253 daAuts
  Lair:2: 1140 daAuts
     D:9: 1034 daAuts
  Lair:1: 1012 daAuts
  Lair:4: 999 daAuts
    D:10: 970 daAuts
     D:8: 950 daAuts
     D:1: 933 daAuts
     D:3: 905 daAuts
     D:6: 818 daAuts
     D:7: 799 daAuts
     D:5: 768 daAuts
